 Dungeon Sprint DCSS version 0.31-a0-675-g238779eb0a (webtiles) character file.

Game seed: 7299748081272155708

75 sircluck the Ruffian (level 4, -13/49 HPs)
             Began as a Troll Berserker on Sept 5, 2023.
             Was a Follower of Trog.
             Killed from afar by a smoke demon (24 damage)
             ... with a ball of steam
             ... in the Dungeon (Sprint VII: "The Pits").
             The game lasted 00:00:57 (286 turns).

sircluck the Ruffian (Troll Berserker)               Turns: 286, Time: 00:00:58

Health: -13/49     AC:  4    Str: 27    XL:     4   Next: 11%
Magic:  3/3        EV: 10    Int:  3    God:    Trog [*.....]
Gold:   0          SH:  0    Dex:  9    Spells: 3/3 levels left

rFire   . .          .
                       - Unarmed
rCold   . . .        (no shield)
rNeg    . . .        a - +0 animal skin
rPois   .            (helmet restricted)
rElec   .            (no cloak)
rCorr   .            (gloves unavailable)
SInv    .            (boots unavailable)
Will    .....        (no amulet)
Stlth   +            (no ring)
HPRegen 1.08/turn    (no ring)
MPRegen 0.08/turn

%: no teleportation
@: confused, on fire, on berserk cooldown, slowed, glowing, very slow
A: large, unfitting armour, claws 3, regeneration 1, shaggy fur 1, tough skin 1
a: Renounce Religion, Berserk


You were in the Dungeon.
You worshipped Trog.
Trog was aware of your devotion.
You visited 1 branch

Inventory:

Armour
 a - a +0 animal skin (worn)
Scrolls
 g - a scroll of blinking
Potions
 b - a potion of curing
 c - a potion of heal wounds
 d - a potion of haste
 e - 2 potions of magic


   Skills:
 + Level 4.6 Fighting
 + Level 4.5 Dodging
 + Level 5.5 Unarmed Combat


You had 3 spell levels left.
You didn't know any spells.
Your spell library was empty.

Dungeon Overview and Level Annotations

Branches:
Dungeon (1/1)

Altars:


Innate Abilities, Weirdness & Mutations

You are too large for most types of armour.
You have claws for hands.
Your natural rate of healing is unusually fast.
You are covered in fur. (AC +1)
You have tough skin. (AC +1)


Message History

You are covered in liquid flames!
The smoke demon gestures at you. The sticky flame hits you.
You are covered in liquid flames!
The swamp drake breathes poison at you.
The noxious blast engulfs you but does no damage.
You are poisoned.
Unknown command.
You feel a strong urge to attack something.
You are engulfed in noxious fumes.
You are covered in liquid flames!
You feel less confused.
You feel sick.
The anaconda is engulfed in noxious fumes.
The anaconda appears confused.
The anaconda barely misses the smoke demon.
The anaconda is engulfed in noxious fumes.
The anaconda appears confused.
The anaconda misses the swamp drake.
The anaconda barely misses itself.
You are engulfed in noxious fumes.
You choke on the stench!
You are confused.
You are covered in liquid flames!
You feel sick. The smoke demon hits you.
The smoke demon hits you but does no damage.
The smoke demon barely misses you. The swamp drake bites you!
* * * LOW HITPOINT WARNING * * *
You see here a +0 flail.
You're too confused to move!
You feel your anger nearly subside.
You are engulfed in noxious fumes.
You choke on the stench!
You are more confused.
You are covered in liquid flames!
* * * LOW HITPOINT WARNING * * *
You are no longer berserk.
You are exhausted.
You feel yourself slow down.
You feel sick.
You are no longer poisoned.
The anaconda is engulfed in noxious fumes.
The anaconda appears confused.
The swamp drake barely misses you. The smoke demon gestures at you.
The ball of steam hits you!!
You die...

...........##.+ #.#
''###########.# +.#
''###########.+ #.#
.......##..##.##+#.#
#......##..##......#
.......''..######### #
.......''..##########..#
#......##...).°°k3g....#
.......##......°@Sg....#
++######################


You could see an anaconda (confused), a smoke demon, a swamp drake and 2 gnolls.

Vanquished Creatures
  2 gnolls (D)
2 creatures vanquished.

Vanquished Creatures (others)
  A gnoll sergeant (D)
  A gnoll (D)
2 creatures vanquished.

Grand Total: 4 creatures vanquished

Notes
Turn   | Place    | Note
-------+----------+-------------------------------------------
     0 | D        | sircluck the Troll Berserker began the quest for the Orb.
     0 | D        | Reached XP level 1. HP: 22/22 MP: 0/0
   242 | D        | Reached XP level 2. HP: 31/31 MP: 1/1
   272 | D        | Noticed a gnoll sergeant
   273 | D        | Reached skill level 4 in Unarmed Combat
   275 | D        | Noticed a swamp drake
   275 | D        | Noticed a smoke demon
   278 | D        | Killed a gnoll sergeant
   278 | D        | Noticed an anaconda
   279 | D        | Reached skill level 5 in Unarmed Combat
   279 | D        | Reached XP level 3. HP: 31/40 MP: 2/2
   279 | D        | Reached XP level 4. HP: 38/49 MP: 3/3
   286 | D        | Killed from afar by a smoke demon

Illustrated notes

Levels and vault maps discovered:
D:        pitsprint [storerooms_1, entrance_room_1, metal_vault_3, armoury_2,
          mini_pit_1, grid_room_1, main_hall_1, silver_pit, the_coven_1,
          the_vestibule_1, steel_vault_4, golden_pit, hallway_of_sentries,
          crystal_vault_4, iron_vault_1, final_vault]

Skill      XL: |  1  2 |
---------------+-------+-----
Fighting       | 3 4 |  4.6
Dodging        | 3 4 |  4.5
Unarmed Combat | 5 |  5.5

Action                     |  1- 3 |  4- 6 || total
---------------------------+-------+-------++-------
  Melee: Unarmed           |     7 |     1 ||     8
    Use: Potion            |       |     1 ||     1
 Armour: Animal skin       |     3 |     7 ||    10
  Dodge: Dodged            |     2 |     2 ||     4

Table legend: (Time is in decaauts)
 A = Elapsed time spent in this place.
 B = Non-inter-level travel time spent in this place.
 C = Inter-level travel time spent in this place.
 D = Time resting spent in this place.
 E = Time spent auto-exploring this place.
 F = Levels seen in this place.
 G = Mean time per level.
                   A        B        C        D        E       F      G
               +--------+--------+--------+--------+--------+-----+--------+
         Total |    283 |    218 |     65 |      0 |      0 |   1 |  283.0 |
       Dungeon |    283 |    218 |     65 |      0 |      0 |   1 |  283.0 |
               +--------+--------+--------+--------+--------+-----+--------+

Top non-repeatable levels by time:
       D: 283 daAuts
